 BcadrenCrawl: Boulder Brew version 0.03.3.1 (webtiles) character file.

Game seed: 1968974102850359320, levelgen mode: deterministic

51 Chiseanne the Ducker (level 4, 30/30 HPs) Goblin Demonspawn. Began on Mar 13, 2021. Quit the game on level 1 of the Dungeon. The game lasted 00:00:32 (302 turns).

Chiseanne the Ducker (Goblin Demonspawn)             Turns: 302, Time: 00:00:32

Health: 30/30      AC:  3    Str:  8    XL:     4 ^: 65
Magic:  5/5        EV: 14    Int:  6    God:
Gold:   72         SH:  0    Dex:  6    Spells: 4/5 levels left

rFire    . . .     Vision   .   a - +0 rapier
rCold    . . .     Gourm    .   (weapon restricted)
rNeg     . . .     Faith    .   b - +0 leather armour
rPois    .         Spirit   .   (no helmet)
rElec    .         Reflect  .   (no cloak)
rCorr    .         Harm     .   (no gloves)
MR       .....                  (no boots)
Stlth    +.........             (no amulet)
HPRegen  0.20/turn              (no ring)
MPRegen  0.15/turn              (no ring)

@: no status effects
A: small, stagnant stats, goblin's greed, claws 2, low mp 1, mutation resistance
1, god's pity 2
a: no special abilities


You were on level 1 of the Dungeon.
You were not hungry.

You visited 1 branch of the dungeon, and saw 1 of its levels.

You collected 58 gold pieces.

Inventory:

Weapons
 a - a +0 rapier (weapon)
Armour
 b - a +0 leather armour (worn)
Scrolls
 c - a scroll of blinking
 g - a scroll of fog
Potions
 e - a potion of curing
 f - a potion of haste
Comestibles
 d - 2 rations


   Skills:
 * Level 2.6 Fighting
 * Level 3.6 Short Blades
 * Level 4.7 Dodging
 - Level 2.6 Stealth
 - Level 1.3 Spellcasting
 - Level 2.6 Fire Magic
   Level 4.0 Invocations


You had 4 spell levels left.
You knew the following spells:

 Your Spells              Type           Power        Failure   Level  Hunger
a - Flame Tongue          Fire           3 (30)       17%         1    ##.....

Your spell library contained the following spells:

 Spells                   Type           Power        Failure   Level  Hunger
 Conjure Flame            Fire           3 (100)      45%         3    ####...
 Blink                    Tloc           N/A          61%         2    ###....
 Call Imp                 Summ           0 (100)      61%         2    ###....
 Slow                     Hex            0 (100)      61%         2    ###....
 Mephitic Cloud           Pois/Air       0 (100)      83%         3    ####...


Dungeon Overview and Level Annotations

Branches:
Dungeon (1/8)

Altars:


Innate Abilities, Weirdness & Mutations

Your stats never grow through leveling.
Your goblin ancestry allows you to find more gold. (+20%)
You are small and have problems with some larger weapons.
You have very sharp fingernails. (+4 Unarmed)
Your magical capacity is low. (-10% MP)
You are somewhat resistant to further mutation.
The pity of the gods increases the power of your passive and invoked divine abilities.


Message History

You hit the cinder newt (1). You closely miss the cinder newt.
The cinder newt misses you (0).
You closely miss the cinder newt. x2; The cinder newt misses you (0).
You barely miss the cinder newt. x2; The cinder newt barely misses you (0).
You hit the cinder newt (3). You barely miss the cinder newt.
The cinder newt barely misses you (0). The cinder newt blocks your attack.
You closely miss the cinder newt. The cinder newt misses you (0).
You barely miss the cinder newt. x2; The cinder newt misses you (0).
You barely miss the cinder newt. x2; The cinder newt closely misses you (0).
You barely miss the cinder newt.
You scratch the cinder newt but do no damage.
The cinder newt closely misses you (0).
A cinder newt is nearby!
You puncture the cinder newt (9)!
You kill the cinder newt!
You have reached level 4!
Your demonic ancestry asserts itself...
Your fingernails sharpen.
Are you sure you want to abandon this character and quit the game? (Confirm with "yes".)

...............#..###
##.###.#.#..#........
....##.#.#..#.#######
##..##..........#
....####.####.#.#
###...†.......#.##
.....###......#..#
.##..........###.#
...#.######### #@#
.#.#... #†.....#
.#.##### #.######
.#.# #.. .#.. #..
.##. .... .# .. #.#.
## .. #.#..


There were no monsters in sight!

Vanquished Creatures
  2 giant cockroaches (D:1)
  A cinder newt (D:1)
  2 dart slugs (D:1)
  A ball python (D:1)
  2 goblins (D:1)
  2 kobolds (D:1)
  A bat (D:1)
  3 rats (D:1)
14 creatures vanquished.

Notes
Turn   | Place    | Note
-------+----------+-------------------------------------------
     0 | D:1      | Chiseanne the Goblin Demonspawn began the quest for the
                  | Orb.
     0 | D:1      | Reached XP level 1. HP: 13/13 MP: 2/2
    42 | D:1      | Gained mutation: You have sharp fingernails. (+2 Unarmed)
                  | [demonic ancestry]
    42 | D:1      | Reached XP level 2. HP: 17/19 MP: 3/3
   165 | D:1      | Reached XP level 3. HP: 25/25 MP: 4/4
   301 | D:1      | Gained mutation: You have very sharp fingernails. (+4
                  | Unarmed) [demonic ancestry]
   301 | D:1      | Reached XP level 4. HP: 30/30 MP: 5/5
   302 | D:1      | Quit the game

Levels and vault maps discovered:
D:1:      lemuel_arrival_hallway, layout_basic

Skill      XL: |  1 |
---------------+----+-----
Fighting       | 2 |  2.6
Short Blades   | 3 |  3.6
Dodging        | |  4.7
Stealth        | |  2.6
Spellcasting   | |  1.3
Fire Magic     | |  2.6
Invocations    | |  4.0

Action                   |  1- 3 |  4- 6 || total
-------------------------+-------+-------++-------
Melee: Rapier            |    40 |       ||    40
       Unarmed           |    27 |       ||    27
Dodge: Dodged            |    43 |       ||    43
